 Dungeon Crawl Stone Soup version 0.27-a0-409-gd57800a693 (webtiles) character file.

Game seed: 6631980169949042806

67 ReteAZ the Ruffian (level 3, -6/27 HPs)
             Began as a Demigod Transmuter on Feb 23, 2021.
             Mangled by a gnoll
             ... wielding a +0 flail
              (8 damage)
             ... on level 2 of the Dungeon.
             The game lasted 00:02:06 (2012 turns).

ReteAZ the Ruffian (Demigod Transmuter)             Turns: 2012, Time: 00:02:07

Health: -6/27      AC:  2    Str: 15    XL:     3   Next: 72%
Magic:  8/8        EV: 12    Int: 15    God:
Gold:   60         SH:  0    Dex: 14    Spells: 5/6 levels left

rFire    . . .     SeeInvis .     - Unarmed
rCold    . . .     Faith    .   (no shield)
rNeg     . . .     Spirit   .   a - +0 robe
rPois    +         Reflect  .   (helmet currently unavailable)
rElec    .         Harm     .   (no cloak)
rCorr    .         Rampage  .   (no gloves)
Will     .....                  (boots currently unavailable)
Stlth    +.........             (no amulet)
HPRegen  0.09/turn              c - ring of poison resistance
MPRegen  0.11/turn              (no ring)

@: appendages
A: horns 2, talons 2, high mp 1
a: End Transformation


You were on level 2 of the Dungeon.
You had grown temporary horns.
You had grown temporary talons.
You visited 1 branch of the dungeon, and saw 2 of its levels.

You collected 60 gold pieces.

Inventory:

Armour
 a - a +0 robe (worn)
Jewellery
 c - a ring of poison resistance (left hand)
Scrolls
 b - 4 scrolls of identify {unknown}
 d - a scroll of enchant weapon {unknown}
 e - a scroll of immolation {unknown}
Potions
 f - a potion of flight {unknown}


   Skills:
 - Level 0.8 Fighting
 - Level 1.7 Dodging
 * Level 3.6 Unarmed Combat
 - Level 2.0 Spellcasting
 * Level 2.9 Transmutations


You had 5 spell levels left.
You knew the following spells:

 Your Spells              Type           Power        Failure   Level
a - Beastly Appendage     Tmut           20%          7%          1

Your spell library contained the following spells:

 Spells                   Type           Power        Failure   Level
 Wereblood                Tmut           10%          10%         2
 Spider Form              Tmut/Pois      2%           36%         3
 Ice Form                 Ice/Tmut       5%           77%         4
 Blade Hands              Tmut           5%           88%         5


Dungeon Overview and Level Annotations

Branches:
Dungeon (2/15)


Innate Abilities, Weirdness & Mutations

You have an increased reservoir of magic. (+10% MP)
You have a pair of horns on your head.
You have razor-sharp toenails.


Message History

The bat barely misses you. The bat hits you but does no damage.
You miss the bat. Your headbutt misses the bat.
The bat hits you but does no damage.
You hit the bat.
You kill the bat!
No target in view!
Your transformation is almost over.
Found a whip.
Your horns disappear.
Your talons disappear.
Found a scale mail.
You now have 60 gold pieces (gained 10).
You see here 7 curare-tipped darts.
You see here a scale mail.
A gnoll comes into view. It is wielding a +0 halberd.
The gnoll shouts!
You grow a pair of large bovine horns.
Your feet morph into talons.
A gnoll comes into view. It is wielding a +0 flail.
The gnoll hits you from afar with a +0 halberd.
You hit the gnoll but do no damage.
The gnoll hits you from afar with a +0 halberd.
You closely miss the gnoll. You claw the gnoll!
The gnoll is severely wounded.
The gnoll barely misses you. The gnoll closely misses you.
You closely miss the gnoll. Your kick misses the gnoll.
The gnoll is severely wounded.
The gnoll hits you but does no damage.
You hit the gnoll.
The gnoll is almost dead.
The gnoll hits you from afar with a +0 halberd!
* * * LOW HITPOINT WARNING * * *
The gnoll barely misses you.
You are too injured to fight recklessly!
You are too injured to fight recklessly!
You are too injured to fight recklessly!
You closely miss the gnoll. Your kick misses the gnoll.
The gnoll is almost dead.
The gnoll hits you from afar with a +0 halberd.
* * * LOW HITPOINT WARNING * * *
The gnoll hits you with a +0 flail!
You die...

### ..#
#.# #.#
#.# #g#
#g# #@# #
#.# #. #.#
#####.##.#
.........#
####....#
#.# ####.#
#.# #.#
#.# #.#


You could see 2 gnolls.

Vanquished Creatures
  3 adders (D:2)
  2 dart slugs
  2 leopard geckos
  A ball python (D:1)
  8 bats
  A giant cockroach (D:1)
  4 goblins
  2 hobgoblins
  6 kobolds
  A frilled lizard (D:1)
  5 rats
35 creatures vanquished.

Vanquished Creatures (others)
  4 plants (D:1)
4 creatures vanquished.

Grand Total: 39 creatures vanquished

Notes
Turn   | Place    | Note
-------+----------+-------------------------------------------
     0 | D:1      | ReteAZ the Demigod Transmuter began the quest for the Orb.
     0 | D:1      | Reached XP level 1. HP: 15/15 MP: 5/5
   345 | D:1      | Reached XP level 2. HP: 14/22 MP: 7/7
   380 | D:1      | Reached skill level 3 in Unarmed Combat
  1612 | D:2      | Reached XP level 3. HP: 26/27 MP: 6/8
  2012 | D:2      | Mangled by a gnoll

Illustrated notes

Levels and vault maps discovered:
D:1:      roderic_crop_circles_arrival_small, layout_basic, minmay_crystal_water
D:2:      layout_basic, led_sif_pool, grunt_decor_one_mirror, tgw_trog

Skill      XL: |  1  2 |
---------------+-------+-----
Transmutations | 2 |  2.9
Unarmed Combat | 3 |  3.6
Spellcasting   | 2 |  2.0
Fighting       | |  0.8
Dodging        | |  1.7

Action                   || total
-------------------------++-------
Melee: Unarmed           ||   137
       Kick              ||    10
       Headbutt          ||     3
 Cast: Beastly Appendage ||    12
 Stab: Sleeping          ||     1
Armor: Robe              ||    35
Dodge: Dodged            ||   105

Table legend: (Time is in decaauts)
 A = Elapsed time spent in this place.
 B = Non-inter-level travel time spent in this place.
 C = Inter-level travel time spent in this place.
 D = Time resting spent in this place.
 E = Time spent auto-exploring this place.
 F = Levels seen in this place.
 G = Mean time per level.
                   A        B        C        D        E       F      G
               +--------+--------+--------+--------+--------+-----+--------+
         Total |   2004 |   1975 |     29 |      0 |   1653 |   2 | 1002.0 |
       Dungeon |   2004 |   1975 |     29 |      0 |   1653 |   2 | 1002.0 |
               +--------+--------+--------+--------+--------+-----+--------+

Top non-repeatable levels by time:
     D:1: 1327 daAuts
     D:2: 677 daAuts
